 Dungeon Crawl Stone Soup version 0.24-a0-459-g225fefd530 (webtiles) character file.

Game seed: 15170501223529758522

2282 Murumi the Shield-Bearer (level 9, 0/69 HPs)
             Began as a Formicid Fighter on June 30, 2019.
             Was a Follower of Okawaru.
             Slain by an eight-headed hydra (2 damage)
             ... on level 6 of the Dungeon.
             The game lasted 00:23:54 (6627 turns).

Murumi the Shield-Bearer (Formicid Fighter)         Turns: 6627, Time: 00:23:55

Health: 0/69       AC: 20    Str: 25    XL:     9   Next: 66%
Magic:  10/12      EV: 16    Int: 12    God:    Okawaru [*.....]
Gold:   277        SH: 13    Dex: 10    Spells: 8/8 levels left

rFire    . . .     SeeInvis +   s - +0 great sword
rCold    . . .     Gourm    .   c - +0 shield
rNeg     . . .     Faith    .   C - +0 plate armour
rPois    .         Spirit   .   (helmet unavailable)
rElec    .         Reflect  .   q - +2 cloak
rCorr    .         Harm     .   h - +0 pair of gloves
MR       .....                  (no boots)
Stlth    ..........             e - amulet of the acrobat
HPRegen  0.21/turn              p - +5 ring of evasion
MPRegen  0.13/turn              r - +2 ring of slaying

@: mighty, heroism
A: permanent stasis, dig shafts and tunnels, four strong arms, antennae 3
a: Dig, Shaft Self, Heroism, Renounce Religion


You were on level 6 of the Dungeon.
You worshipped Okawaru.
Okawaru was aware of your devotion.
You were hungry.

You visited 2 branches of the dungeon, and saw 7 of its levels.
You also visited: Sewer.

You collected 277 gold pieces.

Inventory:

Hand Weapons
 a - a +1 long sword
 s - a +0 great sword (weapon)
Missiles
 l - 198 stones
 o - 10 boomerangs (quivered)
 y - 19 poisoned darts
Armour
 c - a +0 shield (worn)
 h - a +0 pair of gloves (worn)
 q - a +2 cloak (worn)
 C - a +0 plate armour (worn)
Jewellery
 e - an amulet of the acrobat (around neck)
 i - a +3 ring of dexterity
 m - an uncursed ring of positive energy
 p - a +5 ring of evasion (left hand)
 r - a +2 ring of slaying (right hand)
Wands
 v - a wand of disintegration (4)
 z - a wand of iceblast (8)
Scrolls
 g - 3 scrolls of enchant armour
 u - a scroll of enchant weapon
 B - a scroll of fog
Potions
 b - a potion of brilliance
 d - a potion of might
 j - 4 potions of curing
 k - 4 potions of heal wounds
 n - a potion of lignification
 t - 2 potions of agility {unknown}
 w - 3 potions of flight
 x - a potion of ambrosia {unknown}
 A - 2 potions of berserk rage {unknown}
Comestibles
 f - 9 rations


   Skills:
 - Level 6.0(11.0) Fighting
 - Level 5.2(10.2) Long Blades
 - Level 6.0(11.0) Armour
 - Level 5.0(10.0) Dodging
 + Level 7.0(12.0) Shields
 + Level 4.1 Invocations
 - Level 3.4 Evocations


You had 8 spell levels left.
You didn't know any spells.
Your spell library was empty.

Dungeon Overview and Level Annotations

Branches:
Dungeon (6/15)             Temple (1/1) D:4

Altars:
Ashenzari
Cheibriados
Dithmenos
Elyvilon
Fedhas
Makhleb
Nemelex Xobeh
Okawaru
Ru
Sif Muna
Trog
Wu Jian
Xom
Yredelemnul
Zin
The Shining One


Innate Abilities, Weirdness & Mutations

You cannot be hasted, slowed, berserked, paralysed or teleported.
You can dig through walls and to a lower floor.
Your four strong arms can wield two-handed weapons with a shield.
You have a pair of large antennae on your head. (SInv)


Message History

You chop one of the seven-headed hydra's heads off!
The six-headed hydra grows two more!
You slash the eight-headed hydra!
The eight-headed hydra is lightly wounded.
The eight-headed hydra bites you but does no damage. x2
The eight-headed hydra bites you.
You block the eight-headed hydra's attack. x2
The eight-headed hydra closely misses you.
The eight-headed hydra bites you.
You block the eight-headed hydra's attack.
Are you sure you want to shaft yourself?
You are feeling hungry.
The eight-headed hydra bites you!
* * * LOW HITPOINT WARNING * * *
The eight-headed hydra closely misses you.
The eight-headed hydra bites you but does no damage.
The eight-headed hydra bites you!
* * * LOW HITPOINT WARNING * * *
You block the eight-headed hydra's attack.
The eight-headed hydra bites you.
You die...

##.:. ...## # #....
....# #.... ....#
#(... ...[# #....
.)..# #.... ....#
#...#####...#
#...)...D..$#
##...).@...##
###.)...### .
##)###)###'## ..
#.#...(.....# .#
#######.......####..#
#...........).......#
#......(....รท...###.#
#........#####..#
#........# ##.#


You could see an eight-headed hydra.

Vanquished Creatures
  Pikel (D:4)
  Sigmund (D:4)
  Menkaure (D:5)
  A sky beast (D:5)
  3 slaves (D:4)
  An ice beast (D:5)
  An ogre (D:4)
  2 centaurs (D:6)
  A big kobold (Sewer)
  A bullfrog (D:6)
  A scorpion (D:4)
  A bullfrog zombie (D:6)
  2 jellies
  2 orc wizards (D:6)
  3 orc priests
  Crazy Yiuf (D:2)
  2 bullfrog skeletons
  3 centaur skeletons (D:5)
  3 iguanas
  Terence (D:2)
  Natasha (D:2)
  3 worker ants
  2 hound skeletons
  3 gnolls (D:6)
  6 adders
  3 river rats (Sewer)
  3 oozes
  An adder skeleton (D:5)
  An adder zombie (D:5)
  4 worms
  4 dart slugs
  3 leopard geckos
  14 orcs
  3 ball pythons
  4 bats
  7 giant cockroaches
  9 goblins
  10 hobgoblins
  21 jackals
  6 quokkas
  5 frilled lizards
  A jackal skeleton (D:4)
  15 kobolds
  A quokka zombie (D:6)
  7 rats
169 creatures vanquished.

Notes
Turn   | Place    | Note
-------+----------+-------------------------------------------
     0 | D:1      | Murumi the Formicid Fighter began the quest for the Orb.
     0 | D:1      | Reached XP level 1. HP: 18/18 MP: 1/1
   105 | D:1      | Reached skill level 1 in Dodging
   105 | D:1      | Reached XP level 2. HP: 24/24 MP: 2/2
   260 | D:1      | Reached skill level 4 in Shields
   319 | D:1      | Reached XP level 3. HP: 24/29 MP: 3/3
  1083 | D:2      | Noticed Terence
  1090 | D:2      | Killed Terence
  1090 | D:2      | Reached XP level 4. HP: 33/37 MP: 4/4
  1110 | D:2      | Found a blossoming altar of Fedhas.
  1110 | D:2      | Found a bloodstained altar of Trog.
  1110 | D:2      | Found a shadowy altar of Dithmenos.
  1122 | D:2      | Found a sacrificial altar of Ru.
  1126 | D:2      | Found an ornate altar of the Wu Jian Council.
  1362 | D:2      | Reached XP level 5. HP: 31/42 MP: 5/5
  1571 | D:2      | Noticed Natasha
  1581 | D:2      | Killed Natasha
  2201 | D:2      | Found a runed translucent door.
  2202 | D:2      | Noticed Crazy Yiuf
  2214 | D:2      | Killed Crazy Yiuf
  2757 | D:2      | Reached skill level 5 in Shields
  2757 | D:2      | Reached XP level 6. HP: 37/48 MP: 6/6
  3073 | D:3      | Found a glowing golden altar of the Shining One.
  3274 | D:3      | Reached skill level 6 in Shields
  3451 | D:4      | Found a glowing drain.
  3459 | D:4      | Reached skill level 1 in Evocations
  3498 | Sewer    | Entered a sewer
  3675 | Sewer    | Reached XP level 7. HP: 54/54 MP: 8/8
  3710 | Sewer    | Found a white marble altar of Elyvilon.
  3950 | D:4      | Noticed Sigmund
  3963 | D:4      | Killed Sigmund
  3963 | D:4      | Reached skill level 5 in Fighting
  3976 | D:4      | Reached XP level 8. HP: 64/64 MP: 9/9
  4026 | D:4      | Reached skill level 5 in Armour
  4258 | D:4      | Noticed Pikel
  4507 | D:4      | Killed Pikel
  4507 | D:4      | Reached skill level 5 in Dodging
  4638 | D:4      | Found a staircase to the Ecumenical Temple.
  4647 | Temple   | Entered the Ecumenical Temple
  4653 | Temple   | Became a worshipper of Warmaster Okawaru
  5305 | D:5      | Entered Level 5 of the Dungeon
  5387 | D:5      | Noticed Menkaure
  5394 | D:5      | Killed Menkaure
  5394 | D:5      | Reached XP level 9. HP: 33/69 MP: 10/10
  5644 | D:5      | Reached skill level 7 in Shields
  5669 | D:5      | Reached skill level 1 in Invocations
  6164 | D:5      | Reached * piety under Okawaru
  6164 | D:5      | Reached skill level 5 in Long Blades
  6210 | D:5      | Found a shattered altar of Ashenzari.
  6616 | D:6      | Noticed a seven-headed hydra
  6627 | D:6      | HP: 2/69 [eight-headed hydra (8)]
  6627 | D:6      | Slain by an eight-headed hydra

Levels and vault maps discovered:
D:1:      minmay_arrival_diagonal_passages, layout_loops_ring, minmay_bisected
D:2:      layout_loops_corners, minmay_overflow_temple_star_hex,
          minmay_box_of_dots, uniq_crazy_yiuf_cottage, uniq_natasha,
          uniq_terence
D:3:      layout_rooms, old_standard_altar
D:4:      layout_basic, lemuel_temple_firewalk_b, gup_sewer_entry_glass,
          hangedman_decor_points, minmay_door_square, uniq_pikel, uniq_sigmund
D:5:      layout_basic, kennysheep_mini, first_ration, uniq_menkaure
D:6:      layout_basic, dancing_weapons_uskayaw, grunt_potential
Temple:   chequers_temple_sunken

Skill      XL: |  1  2  3  4  5  6  7  8  9 |
---------------+----------------------------+-----
Dodging        | 1 5 |  5.0
Shields        | 4 5 6 7 |  7.0
Long Blades    | 3 4 5 |  5.2
Fighting       | 4 6 |  6.0
Armour         | 4 5 6 |  6.0
Evocations     | 2 3 |  3.4
Invocations    | 4 |  4.1

Action                   |  1- 3 |  4- 6 |  7- 9 || total
-------------------------+-------+-------+-------++-------
Melee: Long sword        |   119 |   189 |    50 ||   358
       Unarmed           |       |     2 |       ||     2
       Great sword       |       |       |   160 ||   160
Throw: Stone             |       |    37 |       ||    37
       Boomerang         |       |    72 |   102 ||   174
       Throwing net      |       |     1 |     1 ||     2
Invok: Heroism           |       |       |     1 ||     1
 Abil: Dig               |       |       |     5 ||     5
       Shaft Self        |       |       |     1 ||     1
Evoke: Wand              |       |       |     5 ||     5
  Use: Scroll            |     4 |     3 |     4 ||    11
       Potion            |       |       |     1 ||     1
 Stab: Held in net/web   |       |       |     1 ||     1
  Eat: Chunk             |     1 |     4 |     8 ||    13
       Ration            |       |     1 |     1 ||     2
Armor: Chain mail        |    55 |    64 |    44 ||   163
       Scale mail        |     1 |       |       ||     1
       Plate armour      |       |       |    28 ||    28
Dodge: Dodged            |    27 |    63 |   105 ||   195
Block: Shield            |    54 |    88 |   121 ||   263
       Rpst.: Long sword |     5 |    23 |     6 ||    34
       Great sword       |       |       |    26 ||    26

Table legend:
 A = Non-vault XP
 B = Vault XP
 C = Vault XP percentage of total XP
 D = Non-vault monster count
 E = Vault monster count
 F = Vault count percentage of total count
                 A         B        C        D         E       F
            +---------+---------+-------+---------+---------+-------
      Total |    1426 |    1835 |  56.3 |     123 |      43 |  25.9
            +---------+---------+-------+---------+---------+-------
        D:1 |      59 |       7 |  10.6 |      29 |       4 |  12.1
        D:2 |     117 |     116 |  49.8 |      30 |       6 |  16.7
        D:3 |      83 |       0 |   0.0 |      23 |       0 |   0.0
        D:4 |     383 |     945 |  71.2 |      17 |       7 |  29.2
        D:5 |     494 |     172 |  25.8 |      17 |       1 |   5.6
        D:6 |     290 |     449 |  60.8 |       7 |      14 |  66.7
      Sewer |       0 |     146 | 100.0 |       0 |      11 | 100.0
            +---------+---------+-------+---------+---------+-------
